 Dungeon Sprint DCSS version 0.30.1-9-gdf580d7c3d (webtiles) character file.

Game seed: 9334899862216232692

24663 boopmooplesden the Pulveriser (level 12, -2/130 HPs)
             Began as a Minotaur Gladiator on Oct 16, 2023.
             Was the Champion of Trog.
             Slain by Agnes
             ... wielding a +4 antimagic lajatang
              (6 damage)
             ... in the Dungeon (Sprint VII: "The Pits").
             The game lasted 00:09:05 (3483 turns).

boopmooplesden the Pulveriser (Minotaur Gladiator)  Turns: 3483, Time: 00:09:06

Health: -2/130     AC: 26    Str: 22    XL:     12   Next: 82%
Magic:  0/11       EV: 13    Int:  5    God:    Trog [******]
Gold:   65         SH:  0    Dex: 14    Spells: 11/11 levels left

rFire   . . .        E - +7 great mace "Undeadhunter" {deathbane, rN+}
rCold   . . .        (shield currently unavailable)
rNeg    + + .        v - +3 plate armour
rPois   .            c - +0 hat
rElec   .            w - +0 cloak
rCorr   .            (no gloves)
SInv    .            (no boots)
Will    ++...        (no amulet) Stlth
                     r - +3 ring of protection
HPRegen 1.41/turn    F - ring of positive energy
MPRegen 0.12/turn

%: no teleportation
@: strong-willed, on berserk cooldown, regenerating, slowed, very slow
A: horns 2, retaliatory headbutt
a: Renounce Religion, Berserk, Trog's Hand, Brothers in Arms


You were in the Dungeon.
You worshipped Trog.
Trog was exalted by your worship.
You visited 1 branch You collected 65 gold pieces.

Inventory:

Hand Weapons
 a - a +0 quarterstaff
 l - a +2 quarterstaff
 p - a +1 quarterstaff of speed
 u - a +5 quarterstaff of speed
 x - a +9 lajatang of flaming
 y - a +7 quarterstaff of flaming
 E - the +7 great mace "Undeadhunter" (weapon) {deathbane, rN+}
   (You found it in the Dungeon)

   rN:        It protects you from negative energy.
Missiles
 d - 3 throwing nets (quivered)
 e - a javelin
Armour
 b - a +0 leather armour
 c - a +0 hat (worn)
 q - a +3 scale mail
 v - a +3 plate armour (worn)
 w - a +0 cloak (worn)
Jewellery
 r - a +3 ring of protection (left hand)
 s - a +3 ring of intelligence
 D - a ring of ice
 F - a ring of positive energy (right hand)
 G - a ring of fire
Scrolls
 k - 5 scrolls of blinking
 n - 5 scrolls of amnesia
 o - a scroll of summoning
 A - 2 scrolls of fog
 B - a scroll of enchant weapon
Potions
 f - 5 potions of curing
 g - 13 potions of heal wounds
 h - 3 potions of haste
 i - 4 potions of magic
 j - 5 potions of berserk rage
 m - 2 potions of invisibility
 t - a potion of might
 z - 3 potions of mutation
 C - a potion of flight


   Skills:
 + Level 19.5 Fighting
 + Level 14.2(19.5) Maces & Flails
 + Level 21.5(23.0) Staves
 + Level 4.4 Throwing
 + Level 19.8 Armour
 + Level 13.0 Dodging
 + Level 1.2 Stealth


You had 11 spell levels left.
You didn't know any spells.
Your spell library was empty.

Dungeon Overview and Level Annotations

Branches:
Dungeon (1/1)

Altars:
Cheibriados
Dithmenos
Elyvilon
Fedhas
Gozag
Hepliaklqana
Makhleb
Nemelex Xobeh
Okawaru
Qazlal
Ru
Sif Muna
Trog
Vehumet
Wu Jian
Xom
Yredelemnul
Zin
The Shining One
Jiyva
Lugonu

Annotations:
D Agnes


Innate Abilities, Weirdness & Mutations

You have a pair of horns on your head.
You reflexively headbutt those who attack you in melee.


Message History

Agnes barely misses you. You furiously retaliate!
You headbutt Agnes!
You hear a bellow!
You hear an angry buzzing noise.
You closely miss Agnes. You headbutt Agnes.
Agnes is heavily wounded.
The tarantella touches you.
You are confused.
Agnes hits you with a +4 antimagic lajatang!
* * * LOW HITPOINT WARNING * * *
The death drake misses you.
You are too confused!
You feel much better.
You feel less confused.
Agnes hits you with a +4 antimagic lajatang!!
* * * LOW HITPOINT WARNING * * *
The jumping spider leaps!
The tarantella barely misses you. You furiously retaliate!
You headbutt the tarantella, but do no damage.
The death drake bites you.
* * * LOW HITPOINT WARNING * * *
Agnes hits you but does no damage. The tarantella barely misses you.
The death drake bites you but does no damage.
Agnes closely misses you.
A yak comes into view.
The tarantella barely misses you. You furiously retaliate!
You headbutt the tarantella!
The yak bellows!
You completely miss the death drake.
The death drake is severely wounded.
Agnes hits you with a +4 antimagic lajatang!
* * * LOW HITPOINT WARNING * * *
The death drake bites you but does no damage.
The tarantella touches you!
* * * LOW HITPOINT WARNING * * *
Agnes hits you with a +4 antimagic lajatang.
* * * LOW HITPOINT WARNING * * *
The death drake bites you but does no damage.
You sock the death drake! Your headbutt misses the death drake.
The death drake is almost dead.
Agnes hits you with a +4 antimagic lajatang.
You die...

#..... +..#.. +..... #.....
#######################..#..
#.........Y..........''.....
#..Y.....Ys...Y......''.....
#..#######k########..##..#..
#..# #J#@# #..##..... #..#
#.#i#s# #..##..... #..#
#l#l# #Y# #..####''# #..#
#.#.# #i# #..####''#
#..##.#.# #s# #..##..... #..
#### ## #.#+## ##### #.#.[+
___.# #.+.|# ___.# #.#=)'


You could see Agnes, a death drake, an elephant, a spriggan druid, 2 yaks, a
jumping spider, a tarantella, a wyvern and a redback.

Vanquished Creatures
  An emperor scorpion (D)
  A war gargoyle (D)
  Josephine (D)
  A merfolk avatar (D)
  A vampire mage (D)
  An orc high priest (D)
  A sun demon (D)
  A sea snake (D)
  A swamp dragon (D)
  A deep troll (D)
  An orc knight (D)
  2 lindwurms (D)
  3 phantasmal warriors (D)
  A flayed ghost (D)
  A deep elf zephyrmancer (D)
  An orc sorcerer (D)
  A guardian serpent (D)
  2 molten gargoyles (D)
  2 black mambas (D)
  An eye of devastation (D)
  2 cane toads (D)
  4 kobold demonologists (D)
  2 red devils (D)
  A hellwing (D)
  A hornet (D)
  2 merfolk (D)
  A troll (D)
  4 dream sheep (D)
  A flying skull (D)
  A spriggan (D)
  2 shadows (D)
  5 wraiths (D)
  8 vampire mosquitoes (D)
  A chaos spawn (D)
  A basilisk (D)
  2 wargs (D)
  2 water moccasins (D)
  An acid dragon (D)
  2 hell hounds (D)
  An ice beast (D)
  A sky beast (D)
  4 orc warriors (D)
  A black bear (D)
  2 ogres (D)
  3 kobold brigands (D)
  Blork the orc (D)
  2 earth elementals (D)
  A necrophage (D)
  A scorpion (D)
  5 wights (D)
  A quasit (D)
  2 orc priests (D)
  Jessica (D)
  2 iguanas (D)
  An orc wizard (D)
  An adder (D)
  A river rat (D)
  An ufetubus (D)
  9 orcs (D)
  A bat skeleton (D)
  An endoplasm (D)
  A giant cockroach (D)
  A goblin (D)
  9 kobolds (D)
  A ball python (D)
  A ball python simulacrum (D)
  A quokka skeleton (D)
  A rat (D)
126 creatures vanquished.

Vanquished Creatures (collateral kills)
  An ettin (D)
  2 spriggan air magi (D)
  An alligator (D)
  A wolf spider (D)
  An ugly thing (D)
  A polar bear (D)
  A yak (D)
  2 hell hounds (D)
  A gnoll (D)
11 creatures vanquished.

Vanquished Creatures (others)
  An orc (D)
1 creature vanquished.

Grand Total: 138 creatures vanquished

Notes
Turn   | Place    | Note
-------+----------+-------------------------------------------
     0 | D        | boopmooplesden the Minotaur Gladiator began the quest for
                  | the Orb.
     0 | D        | Reached XP level 1. HP: 18/18 MP: 0/0
    11 | D        | Reached skill level 4 in Staves
    38 | D        | Found a glowing golden altar of the Shining One.
    38 | D        | Found a glowing silver altar of Zin.
    38 | D        | Found a basalt altar of Yredelemnul.
    38 | D        | Found a shimmering altar of Xom.
    38 | D        | Found an ornate altar of the Wu Jian Council.
    38 | D        | Found a bloodstained altar of Trog.
    38 | D        | Found a shimmering blue altar of Sif Muna.
    38 | D        | Found a sacrificial altar of Ru.
    38 | D        | Found a stormy altar of Qazlal.
    38 | D        | Found an iron altar of Okawaru.
    38 | D        | Found a sparkling altar of Nemelex Xobeh.
    38 | D        | Found a burning altar of Makhleb.
    38 | D        | Found a viscous altar of Jiyva.
    38 | D        | Found a hazy altar of Hepliaklqana.
    38 | D        | Found an opulent altar of Gozag.
    38 | D        | Found a blossoming altar of Fedhas.
    38 | D        | Found a white marble altar of Elyvilon.
    38 | D        | Found a shadowy altar of Dithmenos.
    38 | D        | Found a snail-covered altar of Cheibriados.
    40 | D        | Found a corrupted altar of Lugonu.
    40 | D        | Found a radiant altar of Vehumet.
    41 | D        | Became a worshipper of Trog the Wrathful
    56 | D        | Reached XP level 2. HP: 15/25 MP: 1/1
    99 | D        | Noticed a scorpion
   103 | D        | Killed a scorpion
   103 | D        | Reached * piety under Trog
   104 | D        | Reached skill level 6 in Staves
   104 | D        | Reached skill level 1 in Armour
   104 | D        | Reached XP level 3. HP: 33/33 MP: 2/2
   112 | D        | Reached XP level 4. HP: 37/40 MP: 3/3
   224 | D        | Noticed a water moccasin
   225 | D        | Reached ** piety under Trog
   239 | D        | Killed a water moccasin
   240 | D        | Reached skill level 5 in Fighting
   240 | D        | Reached skill level 8 in Staves
   240 | D        | Reached XP level 5. HP: 15/48 MP: 4/4
   392 | D        | Noticed a black bear
   392 | D        | Noticed an ice beast
   393 | D        | Noticed a warg
   401 | D        | Reached *** piety under Trog
   405 | D        | Reached skill level 9 in Staves
   416 | D        | Reached **** piety under Trog
   422 | D        | Killed a warg
   423 | D        | Reached skill level 10 in Staves
   423 | D        | Reached XP level 6. HP: 42/58 MP: 5/5
   426 | D        | Killed an ice beast
   427 | D        | Reached skill level 11 in Staves
   427 | D        | Reached skill level 10 in Dodging
   427 | D        | Reached skill level 1 in Stealth
   429 | D        | Reached ***** piety under Trog
   430 | D        | Reached skill level 5 in Armour
   430 | D        | Reached XP level 7. HP: 29/66 MP: 6/6
   568 | D        | Reached skill level 12 in Staves
   569 | D        | Noticed Jessica
   571 | D        | Noticed a shadow
   576 | D        | Killed Jessica
   576 | D        | Received a gift from Trog
   581 | D        | Killed a shadow
   582 | D        | Reached skill level 13 in Staves
   627 | D        | Noticed a flying skull
   627 | D        | Noticed Blork the orc
   631 | D        | Killed Blork the orc
   647 | D        | Reached XP level 8. HP: 57/74 MP: 7/7
   650 | D        | Received a gift from Trog
   661 | D        | Killed a flying skull
   662 | D        | Reached skill level 14 in Staves
   979 | D        | Noticed a vampire mage
   985 | D        | Reached ****** piety under Trog
   986 | D        | Noticed an orc sorcerer
   989 | D        | Noticed an orc high priest
   994 | D        | Noticed a flayed ghost
  1001 | D        | Noticed a hellwing
  1010 | D        | Noticed an ice devil
  1012 | D        | Killed a vampire mage
  1013 | D        | Reached skill level 15 in Staves
  1013 | D        | Reached skill level 10 in Armour
  1013 | D        | Reached XP level 9. HP: 77/85 MP: 8/8
  1020 | D        | Killed an orc high priest
  1021 | D        | Reached skill level 10 in Fighting
  1021 | D        | Reached skill level 16 in Staves
  1024 | D        | Received a gift from Trog
  1025 | D        | Noticed a cane toad
  1025 | D        | Noticed a black mamba
  1033 | D        | Killed a black mamba
  1038 | D        | Killed a flayed ghost
  1039 | D        | Reached skill level 17 in Staves
  1042 | D        | Killed an orc sorcerer
  1043 | D        | Reached XP level 10. HP: 45/96 MP: 9/9
  1044 | D        | Killed a cane toad
  1045 | D        | Received a gift from Trog
  1077 | D        | Reached skill level 18 in Staves
  1106 | D        | Noticed a lindwurm
  1113 | D        | Killed a lindwurm
  1186 | D        | Noticed a phantasmal warrior
  1187 | D        | Received a gift from Trog
  1192 | D        | Killed a phantasmal warrior
  1368 | D        | Noticed Josephine
  1370 | D        | Noticed a sea snake
  1378 | D        | Killed Josephine
  1379 | D        | Reached skill level 19 in Staves
  1379 | D        | Reached skill level 15 in Armour
  1379 | D        | Received a gift from Trog
  1384 | D        | Killed a sea snake
  1606 | D        | Noticed a cane toad
  1608 | D        | Reached XP level 11. HP: 111/111 MP: 10/10
  1662 | D        | Noticed a merfolk avatar
  1669 | D        | Killed a merfolk avatar
  1670 | D        | Reached skill level 15 in Fighting
  1673 | D        | Received a gift from Trog
  1680 | D        | Noticed a swamp dragon
  1691 | D        | Killed a swamp dragon
  1692 | D        | Reached skill level 20 in Staves
  1920 | D        | Noticed a sun demon
  1924 | D        | Killed a sun demon
  2023 | D        | Received a gift from Trog
  2023 | D        | Noticed a lindwurm
  2049 | D        | Killed a lindwurm
  2050 | D        | Reached skill level 21 in Staves
  2246 | D        | Received a gift from Trog
  2339 | D        | Found the +7 great mace "Undeadhunter" {deathbane, rN+}
  2426 | D        | Noticed a phantasmal warrior
  2436 | D        | Killed a phantasmal warrior
  2436 | D        | Received a gift from Trog
  2437 | D        | Reached skill level 1 in Maces & Flails
  2496 | D        | Noticed an orc knight
  2496 | D        | Noticed a deep elf zephyrmancer
  2500 | D        | Reached XP level 12. HP: 86/127 MP: 11/11
  2507 | D        | Received a gift from Trog
  2516 | D        | Reached skill level 5 in Maces & Flails
  2905 | D        | Noticed a spriggan air mage
  2906 | D        | Noticed an ettin
  2907 | D        | Killed an ettin
  2914 | D        | Killed a spriggan air mage
  2914 | D        | Received a gift from Trog
  2921 | D        | Reached skill level 10 in Maces & Flails
  2922 | D        | Received a gift from Trog
  3124 | D        | Noticed an emperor scorpion
  3139 | D        | Killed an emperor scorpion
  3445 | D        | Noticed a spriggan air mage
  3445 | D        | Noticed an alligator
  3448 | D        | Killed a spriggan air mage
  3449 | D        | Killed an alligator
  3449 | D        | Received a gift from Trog
  3449 | D        | Noticed a war gargoyle
  3452 | D        | Noticed Agnes
  3461 | D        | Killed a war gargoyle
  3474 | D        | Received a gift from Trog
  3482 | D        | HP: 2/130 [Agnes/+4 antimagic lajatang (5)]
  3483 | D        | Slain by Agnes

Illustrated notes

Levels and vault maps discovered:
D:        pitsprint [storerooms_1, entrance_room_1, metal_vault_5, armoury_1,
          mini_pit_1, grid_room_1, main_hall_1, silver_pit, the_coven_3,
          the_vestibule_1, steel_vault_4, golden_pit, hallway_of_sentries,
          crystal_vault_1, iron_vault_2, final_vault]

Skill      XL: |  1  2  3  4  5  6  7  8  9 10 11 12 |
---------------+-------------------------------------+-----
Staves         | 4 6 8 10 11 13 15 17 19 21 | 21.5
Dodging        | 4 6 8 9 10 11 12 13 | 13.0
Fighting       | 3 4 5 6 7 8 9 11 14 18 19 | 19.5
Throwing       | 3 4 |  4.4
Armour         | 1 2 4 5 7 10 13 15 18 19 | 19.8
Stealth        | 1 |  1.2
Maces & Flails | 2 14 | 14.2

Action                     |  1- 3 |  4- 6 |  7- 9 | 10-12 || total
---------------------------+-------+-------+-------+-------++-------
  Melee: Quarterstaff      |    14 |    39 |   114 |    30 ||   197
         Headbutt          |     2 |     6 |    11 |    54 ||    73
         Lajatang          |       |       |       |   126 ||   126
         Great mace        |       |       |       |    99 ||    99
  Throw: Throwing net      |       |     2 |       |       ||     2
 Invoke: Berserk           |       |       |     2 |     7 ||     9
         Trog's Hand       |       |       |       |     3 ||     3
         Brothers in Arms  |       |       |       |     2 ||     2
    Use: Potion            |       |       |       |    11 ||    11
         Scroll            |       |       |       |     6 ||     6
 Armour: Leather armour    |     1 |     3 |       |       ||     4
         Scale mail        |       |    12 |    20 |       ||    32
         Plate armour      |       |       |    41 |   213 ||   254
  Dodge: Dodged            |     4 |    18 |    47 |   191 ||   260
